 Dungeon Crawl Stone Soup version 0.22-a0-93-g6b88ebb (webtiles) character file.

4876 KristoblXynda the Martial Artist (level 10, -1/80 HPs)
             Began as a Green Draconian Monk on Jan 24, 2018.
             Was a Believer of Ashenzari.
             Slain by an orc warrior
             ... wielding a +0 war axe
              (8 damage)
             ... on level 9 of the Dungeon.
             The game lasted 00:15:41 (9228 turns).

KristoblXynda the Martial Artist (DrMo)             Turns: 9228, Time: 00:15:42

Health: -1/80      AC: 11    Str: 13    XL:     10   Next: 26%
Magic:  14/14      EV: 17    Int: 14    God:    Ashenzari [**....]
Gold:   576        SH:  0    Dex: 14    Spells: 5/9 levels left

rFire    . . .     SeeInvis .     - Unarmed
rCold    . . .     Gourm    .   (no shield)
rNeg     . . .     Faith    .   (armour unavailable)
rPois    +         Spirit   .   (helmet restricted)
rElec    .         Reflect  .   l - +0 cloak
rCorr    .         Harm     .   t - +1 pair of gloves (curse)
MR       .....     Clarity  +   m - +0 pair of boots (curse)
Stlth    +++.......             (no amulet)
HPRegen  0.23/turn              j - ring of wizardry (curse)
MPRegen  0.14/turn              z - ring of stealth

@: no status effects
A: breathe noxious fumes, unfitting armour, big wings, clarity, sense
surroundings 2, poison resistance, screaming 1, evolution 1, cold-blooded, AC +7
a: Breathe Noxious Fumes, Fly, Curse Item, Scrying, Renounce Religion


You were on level 9 of the Dungeon.
You worshipped Ashenzari.
Ashenzari was pleased with you.
You were hungry.

You visited 2 branches of the dungeon, and saw 10 of its levels.
You also visited: Ossuary.

You collected 576 gold pieces.

Inventory:

Armour
 l - a +0 cloak (worn)
 m - a cursed +0 pair of boots (worn)
 t - a cursed +1 pair of gloves (worn)
Jewellery
 j - a cursed ring of wizardry (left hand)
 r - an uncursed ring of magical power
 z - a ring of stealth (right hand)
Wands
 n - a wand of clouds (10)
Scrolls
 d - a scroll of blinking {unknown}
 f - 2 scrolls of enchant weapon {unknown}
 h - 3 scrolls of teleportation
 i - 2 scrolls of amnesia
 q - a scroll of enchant armour {unknown}
 u - a scroll of random uselessness {unknown}
 y - a scroll of brand weapon {unknown}
 C - a scroll of magic mapping {unknown}
 E - a scroll of noise {unknown}
 F - a scroll of fog {unknown}
Potions
 b - a potion of agility
 c - 2 potions of lignification
 g - 2 potions of mutation
 k - 4 potions of resistance
 o - 4 potions of heal wounds
 s - 2 potions of cancellation
 v - a potion of might {unknown}
 w - a potion of invisibility {unknown}
 x - 2 potions of haste
 A - a potion of berserk rage
 B - 2 potions of curing
Books
 p - a book of Conjurations

   Spells                             Type                      Level
   a - Magic Dart                     Conjuration                  1
   b - Searing Ray                    Conjuration                  2
   c - Dazzling Spray                 Conjuration/Hexes            3
   d - Fulminant Prism                Conjuration/Hexes            4
   e - Force Lance                    Conjuration/Translocation    4
   f - Iskenderun's Mystic Blast      Conjuration                  4
Comestibles
 a - 15 rations


   Skills:
 + Level 4.4 Fighting
 + Level 7.8 Dodging
 - Level 1.7 Stealth
 + Level 11.2 Unarmed Combat
 + Level 6.2 Evocations


You had 5 spell levels left.
You knew the following spells:

 Your Spells              Type           Power        Failure   Level  Hunger
a - Force Lance           Conj/Tloc      #.......     71%         4    #####..


Dungeon Overview and Level Annotations

Branches:
Dungeon (9/15)             Temple (1/1) D:5
   Lair: D:8-11         Orc: D:9-12

Altars:
Ashenzari
Cheibriados
Dithmenos
Elyvilon
Fedhas
Gozag
Hepliaklqana
Kikubaaqudgha
Makhleb
Nemelex Xobeh
Okawaru
Qazlal
Ru
Sif Muna
Trog
Uskayaw
Vehumet
Wu Jian
Xom
Yredelemnul
Zin
The Shining One


Innate Abilities, Weirdness & Mutations

You can breathe blasts of noxious fumes.
Your lurid green scales are hard. (AC +7)
You cannot fit into any form of body armour.
Your system is resistant to poisons. (rPois)
You are cold-blooded and may be slowed by cold attacks.
Your large and strong wings let you fly indefinitely.
You possess an exceptional clarity of mind.
You passively map the area around you.
You occasionally shout uncontrollably at your foes.
You evolve.


Message History

You tail-slap the orc warrior, but do no damage.
The orc warrior is lightly wounded.
The orc warrior hits you with a war axe!!
* * * LOW HITPOINT WARNING * * *
You hit the orc warrior.
The orc warrior is moderately wounded.
You punch the orc warrior!
The orc warrior is severely wounded.
The orc warrior barely misses you.
You hit the orc warrior but do no damage.
The orc warrior is severely wounded.
You hit the orc warrior but do no damage.
The orc warrior is severely wounded.
The orc warrior hits you with a war axe!
* * * LOW HITPOINT WARNING * * *
You hit the orc warrior but do no damage.
Your tail-slap misses the orc warrior.
The orc warrior is severely wounded.
The orc warrior hits you with a war axe!
You die...

* ,** * ,* * * * , *,
.* , * ,* ** *, .#. ,
,,, ,* #.##. ...*,, *
#.... ,, #.# , * ,
#..#.##, #.# * # * ***
*#..... *#.# .# *
##.....###.####.### **
#.......#@.##.....# ,
*........o#.##.#.#.#
,,,
........o##.......#,.*
*
.........###..#.#....
* #.......##
##.....#.# * ##.....##
##.##.#.#.#
##.)>#.###.###.#.#.# *
#### #.#.####.....####
#.###.......>...


You could see an orc warrior and an orc.

Vanquished Creatures
  Psyche (D:8)
  Grinder (D:5)
  2 hippogriffs
  Sigmund (D:3)
  The ghost of papiloppo the Ogre Mage, an amateur OgWz (D:3)
  Eustachio (D:5)
  3 hogs (D:8)
  A human (D:8)
  A yak (D:8)
  Duvessa (D:4)
  A sky beast (D:9)
  A necrophage (D:5)
  7 ogres
  3 centaurs
  2 bullfrogs
  A wyvern zombie (Ossuary)
  Dowan (D:4)
  A howler monkey (D:4)
  6 crimson imps
  2 centaur zombies
  5 bullfrog zombies
  2 hounds
  A jelly (D:6)
  2 orc priests (D:3)
  A bullfrog skeleton (D:6)
  A centaur skeleton (D:6)
  Terence (D:3)
  An iguana (D:8)
  4 orc wizards
  6 worker ants
  A killer bee zombie (Ossuary)
  2 hound skeletons
  18 mummies (Ossuary)
  2 worker ant zombies (Ossuary)
  3 gnolls (D:3)
  A howler monkey zombie (Ossuary)
  6 adders
  A howler monkey skeleton (D:4)
  A shadow imp (D:6)
  An ooze (D:1)
  4 adder zombies (Ossuary)
  2 adder skeletons
  3 worms
  3 dart slugs (D:1)
  7 leopard geckos
  17 orcs
  A ball python (D:2)
  9 bats
  3 giant cockroaches
  10 goblins
  8 hobgoblins
  9 jackals
  2 quokkas
  6 frilled lizards
  A giant cockroach zombie (Ossuary)
  A jackal skeleton (D:7)
  5 kobolds
  3 leopard gecko skeletons
  2 leopard gecko zombies (Ossuary)
  3 quokka zombies (Ossuary)
  4 rats
201 creatures vanquished.

Vanquished Creatures (others)
  4 toadstools (D:1)
  A withered plant (Ossuary)
5 creatures vanquished.

Grand Total: 206 creatures vanquished

Notes
Turn   | Place    | Note
-------+----------+-------------------------------------------
     0 | D:1      | KristoblXynda the Draconian Monk began the quest for the Orb.
     0 | D:1      | Reached XP level 1. HP: 19/19 MP: 1/1
   142 | D:1      | Reached XP level 2. HP: 15/26 MP: 2/2
   516 | D:1      | Reached XP level 3. HP: 17/31 MP: 3/3
   693 | D:2      | Reached skill level 4 in Unarmed Combat
  1803 | D:3      | Noticed papiloppo's ghost (amateur OgWz)
  1829 | D:3      | Found a hide-covered altar of Uskayaw.
  1839 | D:3      | Reached XP level 4. HP: 28/38 MP: 4/4
  1988 | D:3      | Killed papiloppo's ghost
  1988 | D:3      | Reached skill level 5 in Unarmed Combat
  1988 | D:3      | Reached XP level 5. HP: 42/45 MP: 5/5
  2469 | D:3      | Noticed Sigmund
  2482 | D:3      | Killed Sigmund
  2482 | D:3      | Reached skill level 6 in Unarmed Combat
  2482 | D:3      | Reached XP level 6. HP: 51/51 MP: 6/6
  2557 | D:3      | Noticed a hippogriff
  2571 | D:3      | Killed a hippogriff
  2571 | D:3      | Reached skill level 7 in Unarmed Combat
  2571 | D:3      | Your scales start taking on a lurid green colour.
  2571 | D:3      | Reached XP level 7. HP: 21/57 MP: 7/7
  2571 | D:3      | Gained mutation: Your system is resistant to poisons. (rPois) [Green Draconian growth]
  3142 | D:3      | Noticed Terence
  3164 | D:3      | Killed Terence
  3164 | D:3      | Reached skill level 5 in Dodging
  3840 | D:4      | Reached skill level 1 in Evocations
  4014 | D:4      | Noticed Duvessa
  4020 | D:4      | Noticed Dowan
  4043 | D:4      | Killed Dowan
  4043 | D:4      | Reached skill level 8 in Unarmed Combat
  4066 | D:4      | Killed Duvessa
  4066 | D:4      | Reached XP level 8. HP: 55/63 MP: 9/9
  4270 | D:4      | Noticed a hippogriff
  4292 | D:4      | Killed a hippogriff
  5084 | D:5      | Entered Level 5 of the Dungeon
  5085 | D:5      | Noticed Eustachio
  5113 | D:5      | Killed Eustachio
  5123 | D:5      | Gained mutation: You occasionally shout uncontrollably at your foes. [potion of mutation]
  5123 | D:5      | Gained mutation: You evolve. [potion of mutation]
  5123 | D:5      | Gained mutation: You passively map a small area around you. [potion of mutation]
  5123 | D:5      | Gained mutation: You possess an exceptional clarity of mind. [potion of mutation]
  5140 | D:5      | Found a staircase to the Ecumenical Temple.
  5140 | D:5      | Noticed Grinder
  5147 | D:5      | Paralysed by Grinder for 7 turns
  5162 | D:5      | Killed Grinder
  5162 | D:5      | Reached skill level 9 in Unarmed Combat
  5228 | Temple   | Entered the Ecumenical Temple
  5407 | Temple   | Became a worshipper of Ashenzari the Shackled
  5407 | Temple   | Reached * piety under Ashenzari
  5407 | Temple   | Reached ** piety under Ashenzari
  5769 | D:5      | Reached XP level 9. HP: 70/70 MP: 11/11
  5778 | D:5      | Found a glowing silver altar of Zin.
  5936 | D:5      | Gained mutation: You passively map the area around you. [evolution]
  6795 | D:6      | Reached skill level 10 in Unarmed Combat
  6869 | D:6      | Gained mutation: Your large and strong wings let you fly indefinitely. [evolution]
  7340 | D:7      | Found a shimmering altar of Xom.
  7452 | D:7      | Got the dagger of the Several Ghosts {protect, *Slow rN+ Int+6 Stlth+}
  7539 | D:7      | Reached skill level 5 in Evocations
  7733 | D:8      | Found a sand-covered staircase.
  7738 | Ossuary  | Entered an ossuary
  8257 | Ossuary  | Reached skill level 11 in Unarmed Combat
  8340 | D:8      | Learned a level 4 spell: Force Lance
  8632 | D:8      | Noticed Psyche
  8645 | D:8      | Killed Psyche
  8645 | D:8      | Reached XP level 10. HP: 56/78 MP: 14/14
  8727 | D:8      | Found a glowing golden altar of the Shining One.
  9228 | D:9      | Slain by an orc warrior

Vault maps used:
D:1:      ldierk_walled_garden_2
D:2:      kennysheep_generic_room_16
D:3:      lemuel_altar_in_water2, uniq_sigmund, uniq_terence
D:4:      first_ration, uniq_duvessa
D:5:      lemuel_crystal_altar, minmay_temple_entry_grid, uniq_eustachio,
          uniq_grinder
D:7:      basic_altar, hangedman_decor_clover_reticule
D:8:      basic_altar, nicolae_ossuary_entry_false_entrances, grunt_livestock,
          uniq_psyche
D:9:      erik_lair_island, david_orc_4, serial_shops, shop_statue,
          serial_bayou_pond_d
Temple:   minmay_crystal_snake_temple
Ossuary:  ossuary_zaba_flooded

Skill      XL: |  1  2  3  4  5  6  7  8  9 10 |
---------------+-------------------------------+-----
Dodging        | 3 4 5 6 7 |  7.8
Unarmed Combat | 4 5 6 7 8 9 11 | 11.2
Evocations     | 2 3 5 6 |  6.2
Fighting       | 4 |  4.4
Stealth        | |  1.7

Action                   |  1- 3 |  4- 6 |  7- 9 | 10-12 || total
-------------------------+-------+-------+-------+-------++-------
Melee: Unarmed           |   176 |    45 |   587 |    85 ||   893
       Tailslap          |    17 |     5 |    85 |    13 ||   120
       Punch             |     3 |     3 |    25 |     2 ||    33
Invok: Curse Item        |       |       |     2 |     1 ||     3
 Abil: Breathe Noxious F |       |       |     7 |       ||     7
  Use: Scroll            |     2 |     1 |     8 |     2 ||    13
       Potion            |       |     5 |     4 |       ||     9
 Stab: Sleeping          |     9 |     2 |     4 |     1 ||    16
       Confused          |       |       |     5 |       ||     5
  Eat: Ration            |     1 |     1 |     3 |       ||     5
       Chunk             |       |     1 |     8 |     2 ||    11
Armor: Skin              |    50 |    12 |   138 |    23 ||   223
Dodge: Dodged            |   167 |    24 |   376 |    60 ||   627

Table legend:
 A = Spawn XP
 B = Non-spawn XP
 C = Spawn XP percentage of total XP
 D = Spawn monster count
 E = Non-spawn monster count
 F = Spawn count percentage of total count
 G = Total turns spent on level
                    A         B        C        D         E        F      G
               +---------+---------+-------+---------+---------+-------+---------
         Total |       0 |    6966 |   0.0 |       0 |     201 |   0.0 |  9228
               +---------+---------+-------+---------+---------+-------+---------
           D:1 |       0 |      49 |   0.0 |       0 |      22 |   0.0 |   673
           D:2 |       0 |      31 |   0.0 |       0 |      20 |   0.0 |   876
           D:3 |       0 |     959 |   0.0 |       0 |      28 |   0.0 |  1876
           D:4 |       0 |     904 |   0.0 |       0 |      20 |   0.0 |  1659
           D:5 |       0 |    1037 |   0.0 |       0 |      20 |   0.0 |  1360
           D:6 |       0 |     718 |   0.0 |       0 |      16 |   0.0 |   583
           D:7 |       0 |     672 |   0.0 |       0 |      15 |   0.0 |   468
           D:8 |       0 |    1630 |   0.0 |       0 |      15 |   0.0 |   858
           D:9 |       0 |     187 |   0.0 |       0 |       7 |   0.0 |    69
       Ossuary |       0 |     779 |   0.0 |       0 |      38 |   0.0 |   596
               +---------+---------+-------+---------+---------+-------+---------
